 Dungeon Crawl Stone Soup version 0.26-a0-466-g989023bd0d (webtiles) character file.

Game seed: 10299761372456406952

11515 Apogee the Basher (level 11, -4/76 HPs)
             Began as a Gargoyle Gladiator on July 30, 2020.
             Was an Initiate of Gozag.
             Killed by divine providence
             ... invoked by an orc priest
              (14 damage)
             ... on level 11 of the Dungeon.
             The game lasted 00:21:05 (12026 turns).

Apogee the Basher (Gargoyle Gladiator)             Turns: 12026, Time: 00:21:06

Health: -4/76      AC: 25    Str: 21    XL:     11   Next: 78%
Magic:  11/11      EV: 11    Int:  9    God:    Gozag
Gold:   1496       SH:  6    Dex: 11    Spells: 10/10 levels left

rFire    + . .     SeeInvis .   g - +2 mace (protect)
rCold    + . .     Faith    .   G - +1 buckler {AC+3}
rNeg     + . .     Spirit   .   q - +3 ring mail {rF+}
rPois    ∞         Reflect  .   y - +0 helmet
rElec    +         Harm     .   r - +0 cloak
rCorr    .                      M - +2 pair of gloves {archery}
MR       .....                  N - +0 pair of boots
Stlth    +.........             (no amulet)
HPRegen  0.22/turn              o - ring of protection from cold
MPRegen  0.12/turn              (no ring)

@: gold aura, very slightly contaminated, slowed, very slow
A: negative energy resistance 1, electricity resistance, unbreathing,
petrification resistance, rot immunity, AC +8
a: Potion Petition, Call Merchant, Bribe Branch, Renounce Religion


You were on level 11 of the Dungeon.
You worshipped Gozag.
Gozag was most pleased with you.
You visited 2 branches of the dungeon, and saw 12 of its levels.

You collected 1782 gold pieces.
You spent 273 gold pieces at shops.
You paid 13 gold pieces to Gozag.

Inventory:

Hand Weapons
 g - a +2 mace of protection (weapon)
   (You found it on level 1 of the Dungeon)
Missiles
 d - 6 throwing nets {!f}
 k - 2 atropa-tipped darts
 n - 239 stones (quivered)
Armour
 q - a +3 ring mail of fire resistance (worn)
   (You took it off Duvessa on level 7 of the Dungeon)
 r - a +0 cloak (worn)
   (You found it on level 3 of the Dungeon)
 y - a +0 helmet (worn)
 G - a +1 buckler of protection (worn)
   (You bought it in a shop on level 4 of the Dungeon)
 M - a +2 pair of gloves of archery (worn)
   (You found it on level 8 of the Dungeon)
 N - a +0 pair of boots (worn)
   (You found it on level 8 of the Dungeon)
Jewellery
 l - an uncursed ring of protection from magic
   (You found it on level 3 of the Dungeon)
 o - a ring of protection from cold (left hand)
   (You found it on level 3 of the Dungeon)
 s - an uncursed ring of flight
   (You found it on level 2 of the Dungeon)
 u - a cursed ring of attention {unknown}
   (You found it on level 10 of the Dungeon)
 w - a +6 ring of intelligence
   (You found it on level 4 of the Dungeon)
 L - the amulet "Yshrustum" {RegenMP Dex+2}
   (You found it on level 8 of the Dungeon)

   [amulet of magic regeneration]

   It increases your magic regeneration.
   It affects your dexterity (+2).
 O - the ring of Greed {Fire Dex+4}
   (You found it on level 9 of the Dungeon)

   [ring of fire]

   It enhances your fire magic.
   It affects your dexterity (+4).
   It protects you from fire.
   It makes you vulnerable to cold.
 T - an uncursed amulet of guardian spirit
   (You found it on level 10 of the Dungeon)
Wands
 c - a wand of disintegration (35)
   (You found it on level 4 of the Dungeon)
 t - a wand of flame (15)
   (You took it off Grinder on level 6 of the Dungeon)
 P - a wand of polymorph (9)
   (You found it on level 9 of the Dungeon)
 R - a wand of enslavement (6)
   (You found it on level 9 of the Dungeon)
Scrolls
 a - 2 scrolls of magic mapping
 b - 4 scrolls of identify {@r1}
 e - a scroll of immolation {unknown}
 f - 4 scrolls of fear
 j - 4 scrolls of remove curse {@r2}
 p - a scroll of fog
 z - 5 scrolls of teleportation {@r4}
 A - 3 scrolls of random uselessness
 B - a scroll of enchant weapon {unknown}
 C - 2 scrolls of amnesia {unknown}
 H - a scroll of enchant armour
 I - a scroll of noise {unknown}
 S - a scroll of holy word {unknown}
Potions
 h - 2 potions of mutation {!q}
 i - a potion of stabbing
 m - a potion of brilliance {unknown}
 v - 5 potions of degeneration {!q}
 x - a potion of might {unknown}
 D - a potion of flight {unknown}
 E - 2 potions of magic {unknown}
 F - a potion of heal wounds {@q2}
 K - a potion of berserk rage


   Skills:
 + Level 11.7 Fighting
 - Level 14.0 Maces & Flails
 - Level 1.7 Throwing
 - Level 2.4 Dodging
 - Level 5.0 Shields


You had 10 spell levels left.
You didn't know any spells.
Your spell library contained the following spells:

 Spells                   Type           Power        Failure   Level
 Animate Skeleton         Necr           #.....       56%         1
 Freeze                   Ice            #...         56%         1
 Pain                     Necr           #...         56%         1
 Confusing Touch          Hex            #.......     90%         3
 Frozen Ramparts          Ice            #.....       90%         3
 Gell's Gravitas          Tloc           #.........   90%         3
 Ozocubu's Armour         Ice            #.......     90%         3
 Vampiric Draining        Necr           #.........   90%         3
 Animate Dead             Necr           #.........   100%        4
 Hailstorm                Conj/Ice       #.......     100%        4
 Petrify                  Tmut/Erth      #.......     100%        4
 Summon Ice Beast         Ice/Summ       #.......     100%        4
 Agony                    Necr           #.......     100%        5
 Metabolic Englaciation   Hex/Ice        #.........   100%        5
 Yara's Violent Unravell  Hex/Tmut       #.........   100%        5


Dungeon Overview and Level Annotations

Branches:
Dungeon (11/15)            Temple (1/1) D:4             Orc (0/2) D:11
   Lair: D:8-11

Altars:
Ashenzari
Cheibriados
Dithmenos
Elyvilon
Fedhas
Gozag
Hepliaklqana
Kikubaaqudgha
Makhleb
Nemelex Xobeh
Okawaru
Qazlal
Ru
Sif Muna
Trog
Uskayaw
Vehumet
Wu Jian
Xom
Yredelemnul
Zin
The Shining One
Beogh

Shops:
D:4 [   D:10 [*}?=

Annotations:
D:7 1 runed translucent door, Crazy Yiuf


Innate Abilities, Weirdness & Mutations

You are resistant to torment.
Your stone body is resilient. (AC +8)
You are immune to poison.
You resist negative energy. (rN+)
You are resistant to electric shocks. (rElec)
You can survive without breathing.
You are immune to petrification.
You are immune to rotting.


Message History

The orc knight roars a battlecry!
The orc knight goes into a battle-frenzy!
The orc knight roars a battlecry!
The orc knight goes into a battle-frenzy!
The yak gores you but does no damage.
The yak becomes distracted by the nearby gold, dreaming of imaginary riches.
You block the orc knight's attack.
The yak is no longer distracted by gold.
The orc knight hits you with a +0 long sword!!
* * * LOW HITPOINT WARNING * * *
The orc knight becomes distracted by your gold, dreaming of imaginary riches.
The orc knight shouts!
Okay, then.
As you read the scroll of teleportation {@r4}, it crumbles to dust.
You feel strangely unstable.
The orc knight no longer looks unusually strong. x2
The orc knight roars a battlecry!
The orc knight goes into a battle-frenzy!
The orc knight completely misses you.
Unknown command.
Your surroundings suddenly seem different.
An orc comes into view. It is wielding a +0 hand axe.
The orc shouts!
An orc comes into view. It is wielding a -2 flail.
The orc shouts! x2; The orc priest shouts! x4; The orc shouts! x2
A kobold comes into view.
It is wielding a +1 short sword of speed.
The kobold shouts!
You hear a shout! x3
The orc priest invokes the aid of Beogh against you.
Beogh smites you!
* * * LOW HITPOINT WARNING * * *
An orc wizard comes into view. It is wielding a +0 dagger.
The kobold throws a stone.
The stone barely misses you.
A kobold comes into view.
The orc wizard gestures wildly while chanting.
The orc wizard seems to speed up.
The orc priest becomes distracted by the nearby gold, dreaming of imaginary riches.
You hear a shout!
Found 17 gold pieces.
You are very lightly contaminated with residual magic.
As you read the scroll of blinking, it crumbles to dust. 3 kobolds, a big kobold and an orc come into view.
A kobold is wielding a +0 short sword and quivering 4 poisoned darts.
The orc shouts! x2; The kobold shouts! x3
The kobold throws a stone.
You block the stone.
The kobold throws a poisoned dart.
The poisoned dart hits you!
The kobold throws a stone.
The stone hits you but does no damage.
The orc priest mumbles some strange prayers to Beogh against you.
Beogh smites you!
You die...
Your body crumbles into a pile of gold.

#.....#...8...8...
#.#####...o.o..?.. #)#
###.......## #. #)# #.......#
.... #)# ####'#### ...Y #)#
##8o8## @.#. #)#### ##8..K8##
.... #)...# #8...o.8## ...
####.# #...KKK.@# ## #.#
#..K>....########## #.#
#..o.....##.......# #.#
#.##.#............# # #.#
#.##.o.K.....oh...#.#
####.####.####.........<<>..#
#.........# #............###
#.##......# #............# #
######## ######.......#


You could see a big kobold, an orc priest, an orc wizard (fast), 3 orcs and 5
kobolds.

Vanquished Creatures
  Erica (D:11)
  3 two-headed ogres
  Maurice (D:8)
  Joseph (D:7)
  3 trolls
  Grinder (D:6)
  4 hippogriffs
  10 yaks (D:11)
  A wyvern (D:9)
  Sigmund (D:6)
  Menkaure (D:6)
  Duvessa (D:7)
  A water moccasin (D:11)
  4 orc warriors
  An ice beast (D:9)
  A phantom (D:8)
  3 ogres
  4 centaurs
  3 big kobolds
  10 bullfrogs
  2 water moccasin skeletons
  A scorpion (D:4)
  Dowan (D:7)
  A howler monkey (D:11)
  8 wights
  A bullfrog zombie (D:7)
  3 centaur zombies
  5 hounds
  2 quasits
  2 jellies
  4 orc priests
  3 centaur skeletons
  5 orc wizards
  5 iguanas
  A worker ant (D:7)
  A killer bee zombie (D:7)
  A hound zombie (D:11)
  A hound skeleton (D:6)
  Robin (D:4)
  6 gnolls (D:8)
  11 adders
  2 shadow imps
  A white imp (D:8)
  4 ufetubi
  An adder zombie (D:5)
  An ooze (D:2)
  4 adder skeletons
  5 worms
  A dart slug (D:1)
  11 leopard geckos
  27 orcs
  3 ball pythons
  4 giant cockroaches
  11 hobgoblins
  2 jackals (D:5)
  24 kobolds
  3 quokkas
  A bat (D:3)
  4 frilled lizards
  14 goblins
  A leopard gecko skeleton (D:4)
  A quokka skeleton (D:8)
  17 rats
262 creatures vanquished.

Vanquished Creatures (others)
  An orc wizard (D:9)
1 creature vanquished.

Grand Total: 263 creatures vanquished

Notes
Turn   | Place    | Note
-------+----------+-------------------------------------------
     0 | D:1      | Apogee the Gargoyle Gladiator began the quest for the Orb.
     0 | D:1      | Reached XP level 1. HP: 12/12 MP: 1/1
   146 | D:1      | Reached XP level 2. HP: 13/18 MP: 2/2
   861 | D:2      | Reached XP level 3. HP: 21/22 MP: 3/3
  1084 | D:2      | Reached skill level 4 in Maces & Flails
  1377 | D:2      | Reached XP level 4. HP: 28/28 MP: 4/4
  2309 | D:2      | Reached XP level 5. HP: 29/32 MP: 5/5
  2341 | D:2      | Reached skill level 5 in Maces & Flails
  2563 | D:3      | Found a basalt altar of Yredelemnul.
  2583 | D:3      | Reached XP level 6. HP: 30/38 MP: 6/6
  2652 | D:3      | Found a shadowy altar of Dithmenos.
  2656 | D:3      | Found a sacrificial altar of Ru.
  2963 | D:4      | Noticed Robin
  2993 | D:4      | Reached skill level 1 in Shields
  3002 | D:4      | Killed Robin
  3002 | D:4      | Reached skill level 6 in Maces & Flails
  3226 | D:4      | Found a staircase to the Ecumenical Temple.
  3233 | D:4      | Found a shimmering altar of Xom.
  3263 | Temple   | Entered the Ecumenical Temple
  3446 | Temple   | Became a worshipper of Gozag Ym Sagoz the Greedy
  3623 | D:4      | Reached XP level 7. HP: 38/44 MP: 7/7
  3719 | D:4      | Found Peak's Armour Boutique.
  3951 | D:5      | Entered Level 5 of the Dungeon
  4212 | D:5      | Found an iron altar of Okawaru.
  4300 | D:5      | Reached skill level 5 in Fighting
  4635 | D:4      | Bought a +0 buckler of protection for 126 gold pieces
  4804 | D:6      | Noticed Sigmund
  4847 | D:6      | Killed Sigmund
  4847 | D:6      | Reached skill level 7 in Maces & Flails
  5089 | D:6      | Reached XP level 8. HP: 47/50 MP: 8/8
  5233 | D:6      | Noticed Menkaure
  5255 | D:6      | Killed Menkaure
  5255 | D:6      | Reached skill level 8 in Maces & Flails
  5469 | D:6      | Noticed Grinder
  5480 | D:6      | Paralysed by Grinder for 7 turns
  5503 | D:6      | Killed Grinder
  6166 | D:7      | Reached XP level 9. HP: 50/56 MP: 9/9
  6228 | D:7      | Reached skill level 5 in Shields
  6274 | D:7      | Noticed Joseph
  6315 | D:7      | Reached skill level 9 in Maces & Flails
  6601 | D:7      | Noticed Dowan
  6605 | D:7      | Noticed Duvessa
  6623 | D:7      | Killed Dowan
  6654 | D:7      | Killed Duvessa
  7223 | D:7      | Killed Joseph
  7223 | D:7      | Reached skill level 10 in Maces & Flails
  7254 | D:7      | Found a runed translucent door.
  7255 | D:7      | Noticed Crazy Yiuf
  7408 | D:8      | Found a basalt altar of Yredelemnul.
  7860 | D:8      | Reached XP level 10. HP: 39/65 MP: 10/10
  8085 | D:8      | Reached skill level 11 in Maces & Flails
  8224 | D:8      | Noticed Maurice
  8257 | D:8      | Killed Maurice
  8654 | D:8      | Got a scintillating sapphire amulet
  8657 | D:8      | Noticed a two-headed ogre
  8673 | D:8      | Killed a two-headed ogre
  8796 | D:8      | Noticed a two-headed ogre
  8819 | D:8      | Killed a two-headed ogre
  8819 | D:8      | Reached skill level 12 in Maces & Flails
  9537 | D:9      | Got a pitted marble ring
  9719 | D:9      | Reached skill level 10 in Fighting
  9820 | D:9      | Found a shattered altar of Ashenzari.
  9868 | D:9      | Reached XP level 11. HP: 36/72 MP: 11/11
 10278 | D:10     | Entered Level 10 of the Dungeon
 10278 | D:10     | Found Ziyqiro's Jewellery Emporium.
 10324 | D:10     | Identified the amulet "Yshrustum" {RegenMP Dex+2} (You
                  | found it on level 8 of the Dungeon)
 10325 | D:10     | Identified the ring of Greed {Fire Dex+4} (You found it on
                  | level 9 of the Dungeon)
 10386 | D:10     | Found Xoupn's Magic Scroll Boutique.
 10389 | D:10     | Bought a scroll of fear for 38 gold pieces
 10389 | D:10     | Bought a scroll of teleportation for 33 gold pieces
 10389 | D:10     | Bought a scroll of magic mapping for 38 gold pieces
 10389 | D:10     | Bought a scroll of fear for 38 gold pieces
 10470 | D:10     | Found Lolaleez's Antique Armour Boutique.
 10491 | D:10     | Found Itwawea's Assorted Antiques.
 10605 | D:10     | Found Joga's Gadget Emporium.
 10661 | D:10     | Reached skill level 13 in Maces & Flails
 11196 | D:11     | Noticed a two-headed ogre
 11216 | D:11     | Killed a two-headed ogre
 11463 | D:11     | Found a staircase to the Orcish Mines.
 11502 | D:11     | Found a roughly hewn altar of Beogh.
 11863 | D:11     | Found a blossoming altar of Fedhas.
 11946 | D:11     | Noticed Erica
 11956 | D:11     | Reached skill level 14 in Maces & Flails
 11965 | D:11     | Noticed an orc knight
 11997 | D:11     | Killed Erica
 11998 | D:11     | Noticed an orc knight
 12026 | D:11     | Killed from afar by an orc priest

Illustrated notes

Levels and vault maps discovered:
D:1:      dpeg_arrival_signposts, layout_rooms
D:2:      layout_loops_corners, kennysheep_crisscross, minivault_23
D:3:      layout_rooms, minmay_overflow_temple_star_quad, minivault_14
D:4:      layout_basic, xom_butterflies, minmay_temple_entry_glassed_door,
          serial_shops, shop, corner_web_ring, minmay_misc_feat_nine_boxes,
          uniq_robin
D:5:      minmay_general_purpose_star, layout_rooms, kennysheep_little_box
D:6:      layout_basic, st_stairs_14, uniq_grinder, uniq_sigmund, uniq_menkaure
D:7:      layout_rooms, uniq_duvessa, uniq_joseph, uniq_crazy_yiuf_cottage
D:8:      layout_basic, enter_bailey_7, basic_altar, st_stairs_9, uniq_maurice
D:9:      layout_cave_pools, cheibrodos_ashenzari_chains
D:10:     layout_roguey, serial_shops, kennysheep_mini, shop,
          nicolae_shop_trees, nicolae_shop_trees, nicolae_shop_crystal
D:11:     layout_loops_ring, lair_entry_dummy, minmay_orc_entry_temple_large,
          basic_altar, sword_in_stone
Temple:   regret_index_temple_sphere_string

Skill      XL: |  1  2  3  4  5  6  7  8  9 10 11 |
---------------+----------------------------------+-----
Maces & Flails | 4 5 6 7 8 10 12 14 | 14.0
Fighting       | 3 4 5 6 8 10 11 | 11.7
Shields        | 1 3 4 5 |  5.0
Throwing       | |  1.7
Dodging        | |  2.4

Action                   |  1- 3 |  4- 6 |  7- 9 | 10-12 || total
-------------------------+-------+-------+-------+-------++-------
Melee: Flail             |    11 |       |       |       ||    11
       Mace              |    93 |   183 |   437 |   638 ||  1351
Throw: Stone             |       |       |     1 |       ||     1
Evoke: Wand              |       |       |     1 |       ||     1
  Use: Scroll            |       |     1 |     7 |     5 ||    13
       Potion            |       |       |     3 |     1 ||     4
 Stab: Sleeping          |     2 |       |       |       ||     2
       Distracted        |       |       |       |     2 ||     2
Armor: Leather armour    |    40 |    17 |       |       ||    57
       Ring mail         |       |    83 |   213 |   236 ||   532
Dodge: Dodged            |    59 |   113 |   198 |   204 ||   574
Block: Buckler           |       |     9 |   105 |   139 ||   253

Table legend: (Time is in decaauts)
 A = Elapsed time spent in this place.
 B = Non-inter-level travel time spent in this place.
 C = Inter-level travel time spent in this place.
 D = Time resting spent in this place.
 E = Time spent auto-exploring this place.
 F = Levels seen in this place.
 G = Mean time per level.
                   A        B        C        D        E       F      G
               +--------+--------+--------+--------+--------+-----+--------+
         Total |  11932 |  11169 |    763 |   1876 |   6734 |  12 |  994.3 |
       Dungeon |  11726 |  10984 |    742 |   1876 |   6598 |  11 | 1066.0 |
        Temple |    205 |    184 |     21 |      0 |    136 |   1 |  205.0 |
               +--------+--------+--------+--------+--------+-----+--------+

Top non-repeatable levels by time:
     D:6: 1733 daAuts
     D:8: 1669 daAuts
     D:2: 1359 daAuts
     D:9: 1099 daAuts
     D:7: 1014 daAuts
     D:4: 957 daAuts
    D:11: 949 daAuts
     D:1: 800 daAuts
     D:3: 743 daAuts
    D:10: 706 daAuts
     D:5: 693 daAuts
  Temple: 205 daAuts
